Unix NetHack Version 5.0.0-0 post-release - last build May  4 2026 22:22:43 (774f63e81ad911689b3a0859ea89b322d5daca8d,branch:main).

Game began 2026-05-06 10:38:48, ended 2026-05-06 11:10:08.

Drastanta, lawful male human Samurai

  -----
  |....
  |..<|
  |+..|
  |....##
  ----- #
    d   #
    #@####
    #d  ##
     #

Drastanta the Ronin    St:14 Dx:16 Co:18 In:10 Wi:7 Ch:10  Lawful
Dlvl:7  $:85 HP:0(53) Pw:18(18) AC:3  Xp:5 T:2696  Burdened

Latest messages:
 The leprechaun vanishes!
 You swap places with Hachi.
 You swap places with Hachi.
 You find a hidden door.
 The door opens.
 You see here a chest.
 Hmmm, the chest turns out to be locked.
 In what direction? 4
 You kick a locked chest.
 THUD!
 You break open the lock!
 You see here a broken chest.
 You have a little trouble removing L - a white potion.
 What do you want to drop? [$a-mo-uw-zA-DF-L or ?*] ?
 You drop a green gem.
 You drop 2 red gems.
 You drop 2 violet gems.
 You fall down the stairs.
 You see here a vellum spellbook.
 You hear a door open.
 You hear a wolf howling at the moon.
 You swap places with Hachi.
 The werewolf bites!
 You hit the werewolf!
 The werewolf bites!
 You miss the werewolf.
 The werewolf just misses!
 Hachi misses it.
 You miss the werewolf.
 Hachi misses it.
 The werewolf bites!
 You miss the werewolf.
 The werewolf bites!
 You hit the werewolf!
 The werewolf misses!
 You miss the werewolf.
 The werewolf misses!
 The werewolf bites!
 You hit the werewolf.
 Hachi misses it.
 You miss the werewolf.
 Hachi misses it.
 The werewolf bites!
 The werewolf bites!
 You die...
 Do you want your possessions identified? [ynq] (y) y
 Do you want to see your attributes? [ynq] (y) n
 Do you want an account of creatures vanquished? [ynaq] (y) n
 Do you want to see your conduct and achievements? [ynq] (y) n
 Do you want to see the dungeon overview? [ynq] (y) y

Inventory:
 Coins    ('$')
  $ - 85 gold pieces
 Weapons  (')')
  d - 37 +0 ya (in quiver)
  c - a blessed +0 yumi (alternate weapon; not wielded)
  a - a +0 katana (weapon in right hand)
  b - a +0 wakizashi
 Armor    ('[')
  l - an uncursed +0 orcish helm (being worn)
  F - an uncursed +0 orcish helm
  s - an uncursed +0 pair of gauntlets of fumbling
  k - an uncursed +0 pair of speed boots
  e - an uncursed rustproof +0 splint mail (being worn)
 Comestibles  ('%')
  K - an uncursed apple
  j - an uncursed fortune cookie
 Scrolls  ('?')
  m - an uncursed scroll of amnesia
  G - 2 uncursed scrolls of confuse monster
  u - an uncursed scroll of identify
  i - a blessed scroll of magic mapping
  g - 2 uncursed scrolls of magic mapping
  o - a cursed scroll of magic mapping
  p - an uncursed scroll of teleportation
 Potions  ('!')
  z - an uncursed potion of extra healing named sp50
  J - an uncursed potion of fruit juice named ObjD
  A - 2 uncursed potions of gain ability named sp150
  H - an uncursed potion of gain energy
  y - an uncursed potion of hallucination named sp50
  D - an uncursed potion of levitation
  C - an uncursed potion of monster detection named sp75
  L - a blessed potion of speed
  B - a potion of holy water
 Wands    ('/')
  q - a wand of fire (0:5)
  x - a wand of fire (0:4)
  w - a wand of lightning (0:4)
  I - a wand of make invisible (0:7)
 Tools    ('(')
  f - an uncursed blindfold

Drastanta the Samurai's attributes:

Background:
 You were a Ronin, a level 5 male human Samurai.
 You were lawful, nominally on a mission for Amaterasu Omikami
 who was opposed by Raijin (neutral) and Susanowo (chaotic).
 You were right-handed.
 You were in the Dungeons of Doom, on level 7.
 You entered the dungeon 2696 turns ago.
 You had 232 experience points, 88 more were needed to attain level 6.

Basics:
 You had 0 out of 53 hit points.
 You had all 18 energy points (spell power).
 Your armor class was 3.
 Your wallet contained 85 zorkmids.
 Autopickup was off.

Final Characteristics:
 Your strength was 14 (limit:18/100).
 Your dexterity was 16 (limit:18).
 Your constitution was 18 (limit:18).
 Your intelligence was 10 (limit:18).
 Your wisdom was 7 (limit:18).
 Your charisma was 10 (limit:18).

Final Status:
 You weren't hungry.
 You were burdened; movement was slightly slowed.
 You were wielding a long sword.
 You had basic skill with long sword and could have enhanced that.

Final Attributes:
 You were piously aligned.
 You were warded.
 You were fast.
 You are dead.

Miscellaneous:
 You didn't encounter any bones levels.
 Total elapsed playing time was 31 minutes and 19 seconds.

Major events:
 Turn
    1: Drastanta the lawful male human Samurai entered the dungeon
  905: attained the rank of Ronin (level 3)
 2696: killed by a werewolf

You didn't know any spells.

Skills:
 Fighting Skills
   martial arts      [Basic]
   two weapon combat [Unskilled]
   riding            [Unskilled]
 Weapon Skills
   dagger            [Unskilled]
   knife             [Unskilled]
   short sword       [Basic]
   broadsword        [Unskilled]
   long sword        [Basic]
   two-handed sword  [Unskilled]
   saber             [Unskilled]
   flail             [Unskilled]
   quarterstaff      [Unskilled]
   polearms          [Unskilled]
   spear             [Unskilled]
   lance             [Unskilled]
   bow               [Basic]
   shuriken          [Unskilled]
 Spellcasting Skills
   attack spells     [Unskilled]
   divination spells [Unskilled]
   clerical spells   [Unskilled]

Voluntary challenges:
 Character rerolling was not enabled.
 You were an atheist.
 You were illiterate.
 You never genocided any monsters.
 You never polymorphed an object.
 You never changed form.
 You used no wishes.
Achievements:
 You entered a shop.
 You attained the rank of Ronin.

 The Dungeons of Doom: levels 1 to 7
    Level 1:
    Level 2:
       A general store, a fountain.
    Level 3:
       Many fountains.
    Level 4:
       A potion shop, a grave.
    Level 5:
       A fountain.
    Level 6:
    Level 7: <- You were here.
       Final resting place for
          you, killed by a werewolf.


Vanquished creatures:
  a leprechaun
  a mountain nymph
  a shrieker
 an elf zombie
  2 straw golems
  4 hill orcs
  2 rothes
  a giant bat
 an iguana
 an acid blob
  2 gas spores
  a hobbit
  a yellow mold
  a green mold
  3 geckos
  7 jackals
  4 foxes
  a kobold
  a goblin
  5 grid bugs
  2 lichens
  8 newts
51 creatures vanquished.

No species were genocided or became extinct.

Game over:
                       ----------
                      /          \
                     /    REST    \
                    /      IN      \
                   /     PEACE      \
                  /                  \
                  |    Drastanta     |
                  |      85 Au       |
                  |   killed by a    |
                  |     werewolf     |
                  |                  |
                  |                  |
                  |       2026       |
                 *|     *  *  *      | *
        _________)/\\_//(\/(/\)/\//\/|_)_______

Sayonara Drastanta the Samurai...

You died in The Dungeons of Doom on dungeon level 7 with 1305 points,
and 85 pieces of gold, after 2696 moves.
You were level 5 with a maximum of 53 hit points when you died.

